NWL (28 & UNDER)
BISMARCK BARONS @ MENLO MANIACS
04/06/2028
 
TOP OF THE 1ST
Bismarck Barons batting - Pitching for Menlo Maniacs : LHP Raúl Fernández
Pitching: LHP Raúl Fernández
Batting: SHB Álex Hernández 0-0: Called Strike
0-1: Ball
1-1: Swinging Strike
1-2: SINGLE (Groundball, 4S) (infield hit)
Batting: RHB Fernando Castellanos 0-0: Ball
1-0: Foul Ball, location: 2F
1-1: Ball
2-1: Swinging Strike
2-2: Strikes out swinging
Batting: RHB Seiji Kouno 0-0: Ball
1-0: Foul Ball, location: 2F
1-1: Ball
2-1: Swinging Strike
2-2: Ball
3-2: Foul Ball, location: 2F
3-2: Foul Ball, location: 2F
3-2: Grounds into double play, 6-4-3 (Groundball, 6)
Top of the 1st over - 0 run(s), 1 hit(s), 0 error(s), 0 left on base; Bismarck 0 - Menlo 0
BOTTOM OF THE 1ST
Menlo Maniacs batting - Pitching for Bismarck Barons : RHP Domingo León
Pitching: RHP Domingo León
Batting: RHB António López 0-0: Fly out, F9 (Flyball, 9)
Batting: LHB Bernardo Rodríguez 0-0: Swinging Strike
0-1: Ball
1-1: Ball
2-1: Called Strike
2-2: Strikes out swinging
Batting: LHB José Peralta 0-0: Ball
1-0: Ball
2-0: Foul Ball, location: 2F
2-1: Foul Ball, location: 2F
2-2: Ground out 1-3 (Groundball, 13)
Bottom of the 1st over - 0 run(s), 0 hit(s), 0 error(s), 0 left on base; Bismarck 0 - Menlo 0
TOP OF THE 2ND
Bismarck Barons batting - Pitching for Menlo Maniacs : LHP Raúl Fernández
Batting: LHB Johnny Foley 0-0: Ball
1-0: Ball
2-0: Swinging Strike
2-1: Called Strike
2-2: Ball
3-2: Strikes out swinging
Batting: RHB Pancho Torres 0-0: Called Strike
0-1: Ball
1-1: Ball
2-1: SINGLE (Line Drive, 5D)
Batting: RHB Jon Krohne 0-0: Ball
1-0: Ball
2-0: Foul Ball, location: 2F
2-1: Foul Ball, location: 2F
2-2: Foul Ball, location: 2F
2-2: Fly out, F9 (Flyball, 9LS)
Batting: LHB José Martínez 0-0: Ball
Pancho Torres is caught stealing 2nd base
Top of the 2nd over - 0 run(s), 1 hit(s), 0 error(s), 0 left on base; Bismarck 0 - Menlo 0
BOTTOM OF THE 2ND
Menlo Maniacs batting - Pitching for Bismarck Barons : RHP Domingo León
Batting: LHB Tim Ramsey 0-0: Ball
1-0: Called Strike
1-1: Ground out U3 (Groundball, 3)
Batting: RHB Jason Blair 0-0: Ball
1-0: Called Strike
1-1: Hit by Pitch
Batting: RHB Currito Campos 0-0: Fly out, F9 (Flyball, 89S)
Batting: SHB José Vélez 0-0: Ball
1-0: Called Strike
1-1: Called Strike
1-2: Foul Ball, location: 2F
1-2: Foul Ball, location: 2F
1-2: Ball
2-2: SINGLE (Groundball, 34D)
Jason Blair to second
Runner from 2nd tries for 3rd, SAFE, throw made to third
José Vélez to second
Batting: RHB Manuel Alonso 0-0: Swinging Strike
0-1: Swinging Strike
0-2: Strikes out swinging
Bottom of the 2nd over - 0 run(s), 1 hit(s), 0 error(s), 2 left on base; Bismarck 0 - Menlo 0
TOP OF THE 3RD
Bismarck Barons batting - Pitching for Menlo Maniacs : LHP Raúl Fernández
Batting: LHB José Martínez 0-0: Called Strike
0-1: Foul Ball, location: 2F
0-2: Ball
1-2: Ball
2-2: SINGLE (Groundball, 34D)
Batting: LHB Jorge Fernández 0-0: Called Strike
0-1: Swinging Strike
0-2: Foul Ball, location: 2F
0-2: Fielders Choice at 2nd, 1-6 (Groundball, 13S)
Batting: RHB Felipe Domínguez 0-0: Called Strike
0-1: Ball
1-1: Ball
2-1: Foul Ball, location: 2F
2-2: Ball
3-2: Strikes out swinging
Batting: SHB Álex Hernández 0-0: Swinging Strike
0-1: Foul Ball, location: 2F
0-2: Ball
1-2: Strikes out swinging
Top of the 3rd over - 0 run(s), 1 hit(s), 0 error(s), 1 left on base; Bismarck 0 - Menlo 0
BOTTOM OF THE 3RD
Menlo Maniacs batting - Pitching for Bismarck Barons : RHP Domingo León
Batting: SHB Chris Young 0-0: Fly out, F8 (Flyball, 78XD)
Batting: RHB António López 0-0: Ball
1-0: Called Strike
1-1: Foul Ball, location: 2F
1-2: Strikes out swinging
Batting: LHB Bernardo Rodríguez 0-0: Ball
1-0: Ball
2-0: Ball
3-0: Base on Balls
Batting: LHB José Peralta 0-0: Called Strike
0-1: Ball
Bernardo Rodríguez steals 2nd base
1-1: Ball
2-1: Ball
3-1: Base on Balls
Batting: LHB Tim Ramsey 0-0: Swinging Strike
0-1: Ball
1-1: Fly out, F1 (Line Drive, 13)
Bottom of the 3rd over - 0 run(s), 0 hit(s), 0 error(s), 2 left on base; Bismarck 0 - Menlo 0
TOP OF THE 4TH
Bismarck Barons batting - Pitching for Menlo Maniacs : LHP Raúl Fernández
Batting: RHB Fernando Castellanos 0-0: Ball
1-0: Ball
2-0: Called Strike
2-1: Ball
3-1: Base on Balls
Batting: RHB Seiji Kouno 0-0: Ball
1-0: Ground out 5-3 (Groundball, 56S)
Fernando Castellanos to second
Batting: LHB Johnny Foley 0-0: Ball
1-0: Called Strike
1-1: Ball
2-1: Swinging Strike
2-2: Strikes out swinging
Batting: RHB Pancho Torres 0-0: Called Strike
0-1: Ball
1-1: Ball
2-1: Ground out 4-3 (Groundball, 4)
Top of the 4th over - 0 run(s), 0 hit(s), 0 error(s), 1 left on base; Bismarck 0 - Menlo 0
BOTTOM OF THE 4TH
Menlo Maniacs batting - Pitching for Bismarck Barons : RHP Domingo León
Batting: RHB Jason Blair 0-0: Called Strike
0-1: Ball
1-1: Swinging Strike
1-2: Strikes out swinging
Batting: RHB Currito Campos 0-0: Ball
1-0: Ball
2-0: Called Strike
2-1: Ball
3-1: Ground out 6-3 (Groundball, 6)
Batting: SHB José Vélez 0-0: Ball
1-0: Ball
2-0: Ground out 4-3 (Groundball, 34)
Bottom of the 4th over - 0 run(s), 0 hit(s), 0 error(s), 0 left on base; Bismarck 0 - Menlo 0
TOP OF THE 5TH
Bismarck Barons batting - Pitching for Menlo Maniacs : LHP Raúl Fernández
Batting: RHB Jon Krohne 0-0: Called Strike
0-1: Swinging Strike
0-2: Strikes out swinging
Batting: LHB José Martínez 0-0: Ball
1-0: Called Strike
1-1: Ball
2-1: Swinging Strike
2-2: Strikes out swinging
Batting: LHB Jorge Fernández 0-0: Ball
1-0: Fly out, F8 (Flyball, 8LD)
Top of the 5th over - 0 run(s), 0 hit(s), 0 error(s), 0 left on base; Bismarck 0 - Menlo 0
BOTTOM OF THE 5TH
Menlo Maniacs batting - Pitching for Bismarck Barons : RHP Domingo León
Batting: RHB Manuel Alonso 0-0: Ground out 6-3 (Groundball, 6)
Batting: SHB Chris Young 0-0: Called Strike
0-1: Ground out U3 (Groundball, 34)
Batting: RHB António López 0-0: Ball
1-0: Ball
2-0: Called Strike
2-1: Ground out U3 (Groundball, 3)
Bottom of the 5th over - 0 run(s), 0 hit(s), 0 error(s), 0 left on base; Bismarck 0 - Menlo 0
TOP OF THE 6TH
Bismarck Barons batting - Pitching for Menlo Maniacs : LHP Raúl Fernández
Batting: RHB Felipe Domínguez 0-0: Called Strike
0-1: Ball
1-1: Swinging Strike
1-2: Strikes out swinging
Batting: SHB Álex Hernández 0-0: Ball
1-0: Ball
2-0: Foul Ball, location: 2F
2-1: Swinging Strike
2-2: Fly out, F5 (Line Drive, 5L)
Batting: RHB Fernando Castellanos 0-0: Ball
1-0: Ball
2-0: SINGLE (Flyball, 9S)
Batting: RHB Seiji Kouno 0-0: Called Strike
0-1: SINGLE (Groundball, 6D)
Fernando Castellanos to second
Batting: LHB Johnny Foley 0-0: Called Strike
0-1: Foul Ball, location: 2F
0-2: Ball
1-2: Strikes out swinging
Top of the 6th over - 0 run(s), 2 hit(s), 0 error(s), 2 left on base; Bismarck 0 - Menlo 0
BOTTOM OF THE 6TH
Menlo Maniacs batting - Pitching for Bismarck Barons : RHP Domingo León
Batting: LHB Bernardo Rodríguez 0-0: Called Strike
0-1: Ball
1-1: Ground out 5-3 (Groundball, 56S)
Batting: LHB José Peralta 0-0: Called Strike
0-1: Foul Ball, location: 2F
0-2: Strikes out looking
Batting: LHB Tim Ramsey 0-0: Ball
1-0: Ball
2-0: Ball
3-0: Foul Ball, location: 2F
3-1: Base on Balls
Pitching: RHP Edgar Villa
Batting: RHB Jason Blair 0-0: Ball
1-0: Fly out, F8 (Flyball, 8LS)
Bottom of the 6th over - 0 run(s), 0 hit(s), 0 error(s), 1 left on base; Bismarck 0 - Menlo 0
TOP OF THE 7TH
Bismarck Barons batting - Pitching for Menlo Maniacs : LHP Raúl Fernández
Pitching: RHP José Ramírez
Pinch Hitting: SHB Jeff Chambers 0-0: Called Strike
0-1: Ground out 1-3 (Groundball, 13)
Batting: RHB Jon Krohne 0-0: Ball
1-0: Reached on error, E6 (Groundball, 6)
Pinch Runner at 1st Enrique Gasporra:
Batting: LHB José Martínez 0-0: Called Strike
0-1: Ball
1-1: Called Strike
Enrique Gasporra steals 2nd base
1-2: Ball
2-2: Ball
3-2: Base on Balls
Batting: LHB Jorge Fernández 0-0: Ball
1-0: Called Strike
1-1: Foul Ball, location: 2F
1-2: Ball
2-2: Ball
3-2: Base on Balls
Enrique Gasporra to third
José Martínez to second
Pinch Hitting: SHB Manuel Hegnauer 0-0: Ball
1-0: Fly out, F7 (Flyball, 78S)
Batting: SHB Álex Hernández 0-0: Called Strike
0-1: Foul Ball, location: 2F
0-2: Strikes out swinging
Top of the 7th over - 0 run(s), 0 hit(s), 1 error(s), 3 left on base; Bismarck 0 - Menlo 0
BOTTOM OF THE 7TH
Menlo Maniacs batting - Pitching for Bismarck Barons : RHP Edgar Villa
Now at 1B: Enrique Gasporra
Now at 3B: Mark Roy
Now at SS: Jeff Chambers
Pinch Hitting: RHB Eleuterio Supardo 0-0: Ball
1-0: Ball
2-0: Foul Ball, location: 2F
2-1: Foul Ball, location: 2F
2-2: Strikes out swinging
Pinch Hitting: LHB Robby Lawson 0-0: Fly out, F5 (Line Drive, 5S)
Batting: RHB Manuel Alonso 0-0: Ball
1-0: Foul Ball, location: 2F
1-1: Ball
2-1: Ball
3-1: Swinging Strike
3-2: Base on Balls
Batting: SHB Chris Young 0-0: Called Strike
0-1: Ball
1-1: Foul Ball, location: 2F
1-2: SINGLE (Line Drive, 78S)
Manuel Alonso to second
Manuel Alonso to third
Pinch Hitting: RHB Joe Noble Balk!
Manuel Alonso scores
Chris Young to second
0-0: Fly out, F7 (Flyball, 7)
Bottom of the 7th over - 1 run(s), 1 hit(s), 0 error(s), 1 left on base; Bismarck 0 - Menlo 1
TOP OF THE 8TH
Bismarck Barons batting - Pitching for Menlo Maniacs : RHP José Ramírez
Pitching: LHP Joe Jenkins
Now at 1B: Robby Lawson
Now at 3B: Dani Torres
Now in CF: Ryan Holcomb
Batting: RHB Fernando Castellanos 0-0: Called Strike
0-1: Fly out, F8 (Flyball, 8LM)
Batting: RHB Seiji Kouno 0-0: Called Strike
0-1: Ball
1-1: Called Strike
1-2: Ball
2-2: Foul Ball, location: 2F
2-2: Strikes out swinging
Batting: LHB Johnny Foley 0-0: Ball
1-0: Ball
2-0: Ground out 1-3 (Groundball, 13S)
Top of the 8th over - 0 run(s), 0 hit(s), 0 error(s), 0 left on base; Bismarck 0 - Menlo 1
BOTTOM OF THE 8TH
Menlo Maniacs batting - Pitching for Bismarck Barons : RHP Edgar Villa
Batting: LHB Bernardo Rodríguez 0-0: Ball
1-0: Ball
2-0: Called Strike
2-1: Foul Ball, location: 2F
2-2: Strikes out swinging
Batting: LHB José Peralta 0-0: Ball
1-0: Called Strike
1-1: SINGLE (Line Drive, 34)
Batting: LHB Tim Ramsey 0-0: Ball
1-0: Called Strike
1-1: Ball
2-1: Foul Ball, location: 2F
2-2: 2-RUN HOME RUN (Line Drive, 9LD), Distance : 348 ft
Pitching: LHP Christiano Gomes
Batting: RHB Jason Blair 0-0: Called Strike
0-1: Ball
1-1: Foul Ball, location: 2F
1-2: Ball
2-2: Foul Ball, location: 2F
2-2: Ball
3-2: SINGLE (Flyball, 89S)
Batting: SHB Ryan Holcomb 0-0: Called Strike
0-1: Ground out 5-3 (Groundball, 56D)
Jason Blair to second
Batting: LHB Robby Lawson 0-0: Ball
1-0: Ball
2-0: Fly out, F7 (Flyball, 78M)
Bottom of the 8th over - 2 run(s), 3 hit(s), 0 error(s), 1 left on base; Bismarck 0 - Menlo 3
TOP OF THE 9TH
Bismarck Barons batting - Pitching for Menlo Maniacs : LHP Joe Jenkins
Pitching: RHP Fernando Valdés
Batting: SHB Jeff Chambers 0-0: Ball
1-0: Swinging Strike
1-1: Called Strike
1-2: Ball
2-2: Ball
3-2: Base on Balls
Batting: RHB Enrique Gasporra 0-0: DOUBLE (Flyball, 8LM)
Jeff Chambers to third
Batting: LHB José Martínez 0-0: Ball
1-0: Foul Ball, location: 2F
1-1: Foul Ball, location: 2F
1-2: SINGLE (Groundball, 5D)
Jeff Chambers scores
Enrique Gasporra to third
Runner from 3rd tries for Home, SAFE, no throw
Pinch Runner at 1st Dennis Garner:
Batting: LHB Jorge Fernández 0-0: Foul Ball, location: 2F
0-1: Swinging Strike
0-2: 2-RUN HOME RUN (Flyball, 9D), Distance : 377 ft
Pitching: RHP Brad Small
Batting: RHB Mark Roy 0-0: Ground out 3-1 (Groundball, 34)
Batting: SHB Álex Hernández 0-0: Ball
1-0: Ball
2-0: Ball
3-0: Called Strike
3-1: Base on Balls
Batting: RHB Fernando Castellanos 0-0: Ball
1-0: Ball
2-0: SINGLE (Line Drive, 8LM)
Álex Hernández to second
Batting: RHB Seiji Kouno 0-0: Ball
1-0: Foul Ball, location: 2F
1-1: Ball
2-1: Foul Ball, location: 2F
2-2: TRIPLE (Flyball, 89D)
Álex Hernández scores
Fernando Castellanos scores
Batting: LHB Johnny Foley 0-0: Called Strike
0-1: Ball
Passed Ball!
Seiji Kouno scores
1-1: SINGLE (Groundball, 6) (infield hit)
Pitching: RHP Gerard Gustafson
Batting: SHB Jeff Chambers 0-0: Ball
1-0: Ball
2-0: Foul Ball, location: 2F
2-1: Ball
3-1: Foul Ball, location: 2F
3-2: SINGLE (Groundball, 34D)
Johnny Foley to second
Runner from 2nd tries for 3rd, SAFE, throw made to third
Batting: RHB Enrique Gasporra 0-0: Called Strike
0-1: Ball
1-1: Ball
2-1: Foul Ball, location: 2F
2-2: Strikes out swinging
Batting: RHB Dennis Garner 0-0: Foul Ball, location: 2F
0-1: Ball
1-1: Swinging Strike
1-2: Strikes out swinging
Top of the 9th over - 7 run(s), 7 hit(s), 0 error(s), 2 left on base; Bismarck 7 - Menlo 3
BOTTOM OF THE 9TH
Menlo Maniacs batting - Pitching for Bismarck Barons : LHP Christiano Gomes
Now at C: Félix Trevino
Batting: RHB Manuel Alonso 0-0: Fly out, F7 (Flyball, 7S)
Batting: SHB Chris Young 0-0: Called Strike
0-1: Ball
1-1: Ball
2-1: Swinging Strike
2-2: DOUBLE (Flyball, 8LD)
Batting: RHB Dani Torres 0-0: Foul Ball, location: 2F
0-1: Foul Ball, location: 2F
0-2: Ball
1-2: Foul Ball, location: 2F
1-2: Foul Ball, location: 2F
1-2: Ball
2-2: Fly out, F9 (Flyball, 9S)
Batting: LHB Bernardo Rodríguez 0-0: Foul Ball, location: 2F
0-1: Ball
1-1: Called Strike
1-2: DOUBLE (Line Drive, 78XD)
Chris Young scores
Pitching: RHP Wilson Molina
Batting: LHB José Peralta 0-0: Swinging Strike
0-1: Ball
1-1: Called Strike
1-2: Strikes out swinging
Bottom of the 9th over - 1 run(s), 2 hit(s), 0 error(s), 1 left on base; Bismarck 7 - Menlo 4
Tuesday, August 8th, 2017 - OOTP Baseball 17.12 Build 75